Map: Orbital Shipyard

Players

Bop - Winner!

  • Race: Protoss Protoss

Nyxeu

  • Race: Terran Terran

VOD

Have the link to the VOD?

Description

Time

  • Played on: May 1, 2015, 6:26 p.m.
  • Length: 5:16
Show
View Real Time Build Order
Export as new Build Order

Bop Protoss - Winner!

Build Orders: Nexus First 

Get SALT Encoding   

  12  0:00  Probe  
  13  0:13  Pylon  
  13  0:18  Probe  
  14  0:31  Probe (Chrono Boost)  
  15  0:41  Probe (Chrono Boost)  
  16  0:48  Probe  
  17  1:01  Nexus  
  17  1:13  Gateway  
  16  1:18  Assimilator  
  16  1:23  Probe (Chrono Boost)  
  17  1:30  Pylon  
  18  1:33  Probe (Chrono Boost)  
  18  1:40  Probe (Chrono Boost)  
  19  1:52  Probe (Chrono Boost)  
  19  1:53  Assimilator  
  20  2:00  Cybernetics Core, Probe (Chrono Boost)  
  21  2:02  Zealot  
  23  2:09  Probe  
  23  2:15  Probe  
  25  2:21  Probe  
  26  2:37  Adept  
  26  2:38  Mothership Core (Chrono Boost)  
  31  2:47  Probe (Chrono Boost)  
  31  2:52  Probe (Chrono Boost), Pylon  
  31  2:53  Probe  
  33  3:05  Probe  
  34  3:07  Stargate  
  34  3:19  Adept  
  36  3:41  Probe (Chrono Boost)  
  36  3:42  Probe (Chrono Boost)  
  36  3:46  Pylon  
  38  3:50  Gateway  
  38  3:51  Probe x2 (Chrono Boost)  
  38  3:53  Gateway  
  40  4:00  Probe (Chrono Boost)  
  40  4:01  Probe (Chrono Boost)  
  39  4:04  Oracle (Chrono Boost)  
  41  4:12  Probe (Chrono Boost)  
  41  4:13  Probe (Chrono Boost)  
  43  4:20  Probe x2 (Chrono Boost)  
  45  4:25  Assimilator  
  45  4:27  Assimilator  
  45  4:29  Probe (Chrono Boost)  
  45  4:30  Probe (Chrono Boost)  
  47  4:41  Probe (Chrono Boost)  
  47  4:42  Probe (Chrono Boost)  
  47  4:44  Adept x3  
  55  4:48  Probe x2 (Chrono Boost)  
  55  4:51  Twilight Council  
  57  4:59  Probe x2 (Chrono Boost)  
  59  5:06  Probe (Chrono Boost)  
  60  5:09  Pylon  
  60  5:10  Pylon  
  60  5:11  Pylon  
Show
View Real Time Build Order
Export as new Build Order

Nyxeu Terran 

Build Orders:  

Get SALT Encoding   

  12  0:01  SCV  
  13  0:13  SCV  
  14  0:18  Supply Depot  
  14  0:25  SCV  
  15  0:39  SCV  
  16  0:43  Barracks  
  16  0:46  Refinery  
  16  0:51  SCV  
  17  1:04  SCV  
  18  1:15  Barracks  
  18  1:16  SCV  
  19  1:32  Supply Depot  
  19  1:35  Orbital Command  
  19  1:37  Reaper  
  20  2:01  SCV  
  21  2:02  Reaper  
  22  2:09  Reaper  
  23  2:23  Bunker  
  23  2:24  Bunker  
  23  2:27  SCV  
  24  2:34  Reaper  
  25  2:43  Reaper  
  25  2:45  Command Center, SCV  
  25  2:50  Refinery  
  26  3:10  Barracks Tech Lab  
  26  3:13  SCV  
  26  3:34  Marauder  
  26  3:36  SCV  
  26  3:41  Engineering Bay  
  29  3:48  SCV  
  26  4:06  Marauder  
  26  4:08  Orbital Command  
  26  4:09  Barracks Reactor  
  25  4:16  SCV  
  22  4:28  SCV  
  23  4:39  SCV  
  23  4:40  SCV, Factory  
  25  4:46  Barracks x2  
  25  4:50  Marine x2  
  25  4:51  Marauder  
  25  4:52  SCV x2  
Tags
 
Add a new tag
Caveats
  • Supply blocks, unpowered buildings, or Contaminate may cause inaccurate times.
  • Supply counts are checked every 10 seconds.